 Dungeon Crawl Stone Soup version 0.20-a0-370-gd6af2a4 (webtiles) character file.

1773 AlphabetPasta the Charlatan (level 8, -2/59 HPs)
             Began as a Centaur Artificer on Dec 27, 2016.
             Was a Believer of Hepliaklqana.
             Incinerated by BearKnight92's ghost (3 damage)
             ... with a sticky flame
             ... on level 5 of the Dungeon.
             The game lasted 00:31:54 (4935 turns).

AlphabetPasta the Charlatan (Centaur Artificer)     Turns: 4935, Time: 00:31:54

Health: -2/59      AC:  8    Str: 17    XL:     8   Next: 80%
Magic:  12/12      EV: 15    Int: 10    God:    Hepliaklqana [**....]
Gold:   226        SH:  5    Dex: 15    Spells: 7/7 levels left

rFire  . . .     SeeInvis .     g - +2 whip (flame)
rCold  . . .     Gourm    .     l - +0 ring mail
rNeg   . . .     Faith    .     i - +0 buckler
rPois  .         Spirit   .     (no helmet)
rElec  .         Reflect  .     m - +0 cloak (curse)
rCorr  .         Harm     .     y - +0 pair of gloves
MR     .....                    (no barding)
Stlth  +.........               (no amulet)
                                (no ring)
                                (no ring)

@: agile, liquid flames, flying, very slightly contaminated, hasted (expiring),
glowing, very quick
A: reduced essence, hooves 3, deformed body, speed 2, tough skin 3
a: Recall Ancestor, Ancestor Identity, Renounce Religion


You were on level 5 of the Dungeon.
You worshipped Hepliaklqana.
Hepliaklqana was pleased with you.
You were not hungry.

You visited 1 branch of the dungeon, and saw 5 of its levels.

You collected 226 gold pieces.

Inventory:

Hand Weapons
 a - a +0 short sword
 g - a +2 whip of flaming (weapon)
 o - a +0 whip
Missiles
 s - a javelin (quivered)
 z - 5 tomahawks
Armour
 b - a +0 leather armour
 i - a +0 buckler (worn)
 l - a +0 ring mail (worn)
 m - a cursed +0 cloak (worn)
 y - a +0 pair of gloves (worn)
Jewellery
 h - an uncursed ring of resist corrosion {unknown}
 p - a cursed -3 ring of intelligence {unknown}
 u - an uncursed ring of positive energy {unknown}
Wands
 c - a wand of flame (0/48)
 d - a wand of enslavement (11/24)
 e - a wand of random effects (6/48)
Scrolls
 B - a scroll of fog
 C - a scroll of enchant weapon {unknown}
Potions
 r - 2 potions of invisibility
Comestibles
 f - 4 bread rations
 k - 3 beef jerkies
 t - 3 meat rations
 w - a fruit
 D - 8 chunks of flesh


   Skills:
 + Level 4.0 Fighting
 - Level 0.8 Short Blades
 + Level 2.9 Maces & Flails
 + Level 4.0 Throwing
 + Level 2.7 Armour
 + Level 3.7 Dodging
 - Level 0.4 Stealth
 + Level 2.7 Shields
 - Level 0.6 Unarmed Combat
 * Level 5.7 Evocations


You had 7 spell levels left.
You didn't know any spells.

Dungeon Overview and Level Annotations

Branches:
Dungeon (5/15)             Temple (0/1) D:5

Altars:
Gozag
Hepliaklqana
Kikubaaqudgha
Qazlal


Innate Abilities, Weirdness & Mutations

You have hooves in place of feet.
Armour fits poorly on your strangely shaped body.
You cover ground very quickly.
You have extremely tough skin. (AC +3)
Your life essence is reduced. (-10% HP)


Message History

Ulric resists.
Throwing (i - inventory. (,) - cycle):
s - 2 javelins (quivered)
Press: ? - help, Shift-Dir - straight line, f/p - BearKnight92's ghost
Aim: BearKnight92's ghost (almost destroyed)
You throw a javelin. The javelin hits BearKnight92's ghost.
You destroy BearKnight92's ghost!
Your Fighting skill increases to level 4!
Your Throwing skill increases to level 4!
You are covered in liquid flames!
* * * LOW HITPOINT WARNING * * *
Your extra speed is starting to run out.
It was a potion of flight.
You feel very buoyant.
You fly up into the air.
You are covered in liquid flames!
* * * LOW HITPOINT WARNING * * *
You are covered in liquid flames!
* * * LOW HITPOINT WARNING * * *
You are covered in liquid flames!
You die...

.# ####.....#...####.###..... .#
#..............#....... .#######
#......)..######.###... ...W...#
###.....[.# #........ ######†#
#.......# #....#.## #.# ###...###
#.##.#.# ######[# #...# #.##p#.##
....##.# #..R# #.#...... ###.##.#
######(@(#######.#.p#.##
###.##R###........(....#.....#.##
..#).......>.................#...
#.#...####.<...........##########
#.#...# ######..)###### ......#
#...# #.#..## #...# .....# #...#
..#..# #...#


You could see the friendly Ulric the hexer.

Vanquished Creatures
  Pikel (D:5)
  The ghost of BearKnight92 the Firebug, a novice DrFE (D:5)
  Grinder (D:4)
  Sigmund (D:4)
  An ogre (D:5)
  The ghost of thesun the Skirmisher, a weakling HOFi (D:4)
  A bullfrog zombie (D:3)
  2 orc priests
  A centaur skeleton (D:4)
  3 orc wizards (D:5)
  A worker ant (D:4)
  3 gnolls (D:2)
  A howler monkey skeleton (D:5)
  6 adders
  4 adder skeletons (D:4)
  A worm (D:3)
  A leopard gecko (D:1)
  6 orcs
  3 giant cockroaches
  3 goblins
  6 hobgoblins
  2 jackals (D:2)
  6 kobolds
  2 quokkas (D:3)
  A ball python (D:3)
  11 bats
  6 frilled lizards
  5 rats
81 creatures vanquished.

Vanquished Creatures (collateral kills)
  An orc warrior (D:5)
  An orc priest (D:4)
  A jelly (D:5)
  2 gnolls (D:2)
  A worm (D:3)
  4 orcs
  3 jackals (D:5)
  A rat (D:2)
14 creatures vanquished.

Vanquished Creatures (others)
  A slave (D:5)
  Blork the orc (D:4)
  An orc wizard (D:4)
  A gnoll (D:2)
4 creatures vanquished.

Grand Total: 99 creatures vanquished

Notes
Turn   | Place    | Note
-------+----------+-------------------------------------------
     0 | D:1      | AlphabetPasta the Centaur Artificer began the quest for the Orb.
     0 | D:1      | Reached XP level 1. HP: 16/16 MP: 2/2
   242 | D:1      | Reached XP level 2. HP: 17/23 MP: 4/4
   693 | D:2      | Reached skill level 3 in Evocations
   722 | D:2      | Found a hazy altar of Hepliaklqana.
   725 | D:2      | Became a worshipper of Hepliaklqana the Forgotten
   929 | D:2      | Reached XP level 3. HP: 26/26 MP: 5/5
  1444 | D:2      | Reached XP level 4. HP: 26/32 MP: 6/6
  1553 | D:2      | Upgraded the game from 0.20-a0-369-g71b9d6e to 0.20-a0-370-gd6af2a4
  1686 | D:3      | You fall through a shaft for 2 floors!
  1686 | D:5      | Entered Level 5 of the Dungeon
  1755 | D:5      | Noticed BearKnight92's ghost (novice DrFE)
  1776 | D:4      | Reached skill level 1 in Throwing
  2124 | D:4      | Reached XP level 5. HP: 35/37 MP: 7/7
  2364 | D:4      | Reached skill level 1 in Armour
  2385 | D:4      | Noticed Sigmund
  2394 | D:4      | Killed Sigmund
  2394 | D:4      | Reached skill level 1 in Maces & Flails
  2394 | D:4      | Reached skill level 1 in Shields
  2394 | D:4      | Reached XP level 6. HP: 29/45 MP: 8/8
  2403 | D:4      | Noticed thesun's ghost (weakling HOFi)
  2415 | D:4      | Killed thesun's ghost
  2415 | D:4      | Reached skill level 4 in Evocations
  2423 | D:4      | Noticed Grinder
  2426 | D:4      | Noticed Blork the orc
  2796 | D:4      | Your ally died
  2809 | D:4      | Killed Grinder
  2809 | D:4      | Reached XP level 7. HP: 38/51 MP: 10/10
  2865 | D:4      | Reached * piety under Hepliaklqana
  3017 | D:3      | Found a faded altar of an unknown god.
  3146 | D:3      | Found a stormy altar of Qazlal.
  3250 | D:3      | Found an ancient bone altar of Kikubaaqudgha.
  3337 | D:3      | Found an opulent altar of Gozag.
  4001 | D:4      | Reached ** piety under Hepliaklqana
  4002 | D:4      | Remembered your ancestor Ulric as a hexer
  4509 | D:5      | Noticed Pikel
  4529 | D:5      | Killed Pikel
  4529 | D:5      | Reached skill level 5 in Evocations
  4529 | D:5      | Reached XP level 8. HP: 42/56 MP: 11/11
  4671 | D:5      | Found a staircase to the Ecumenical Temple.
  4932 | D:5      | Killed BearKnight92's ghost
  4933 | D:5      | HP: 2/59 [burnt (1)]
  4935 | D:5      | Incinerated by BearKnight92's ghost

Vault maps used:
D:1:      dpeg_arrival_signposts
D:2:      marbit_many_paths, first_bread
D:3:      kiku_gazebo_garden_becter, nicolae_qazlal_general_emergency,
          nicolae_overflow_crystal_walls,
          chequers_ecumenical_altar_simple_redux, serial_bayou_pond_c
D:4:      uniq_sigmund, uniq_grinder, uniq_blork_the_orc
D:5:      uniq_crazy_yiuf_cottage, uniq_pikel

Skill      XL: |  1  2  3  4  5  6  7  8 |
---------------+-------------------------+-----
Evocations     | 3 4 5 |  5.7
Fighting       | 2 3 4 |  4.0
Dodging        | 2 3 |  3.7
Throwing       | 1 2 3 4 |  4.0
Armour         | 1 2 |  2.7
Maces & Flails | 1 2 |  2.9
Shields        | 1 2 |  2.7
Short Blades   | |  0.8
Stealth        | |  0.4
Unarmed Combat | |  0.6

Action                   |  1- 3 |  4- 6 |  7- 9 || total
-------------------------+-------+-------+-------++-------
Melee: Short sword       |   110 |   100 |       ||   210
       Kick              |    16 |    21 |    60 ||    97
       Whip              |       |       |   240 ||   240
Throw: Javelin           |     8 |       |     9 ||    17
Invok: Recall Ancestor   |       |       |     5 ||     5
       Ancestor Life: He |       |       |     1 ||     1
       Ancestor Identity |       |       |     1 ||     1
Evoke: Wand              |     5 |    22 |     1 ||    28
  Use: Scroll            |     3 |     3 |     5 ||    11
       Potion            |     1 |     3 |     8 ||    12
 Stab: Confused          |       |       |     1 ||     1
       Distracted        |       |       |     1 ||     1
  Eat: Chunk             |     1 |     3 |     4 ||     8
       Fruit             |       |     1 |     2 ||     3
Armor: Leather armour    |    12 |       |       ||    12
       Ring mail         |    52 |    37 |    66 ||   155
Dodge: Dodged            |    44 |    36 |    83 ||   163
Block: Buckler           |    14 |    12 |    27 ||    53
